 Dungeon Crawl Stone Soup version 0.29.1-12-g30fa7ad0bf (webtiles) character file.

Game seed: 8490484944892249621

3054 112233 the Thaumaturge (level 9, -14/71 HPs)
             Began as a Mummy Necromancer on Dec 21, 2022.
             Was an Initiate of Gozag.
             Shot with an arrow by a centaur warrior (23 damage)
             ... on level 9 of the Dungeon.
             The game lasted 00:08:33 (8780 turns).

112233 the Thaumaturge (Mummy Necromancer)          Turns: 8780, Time: 00:08:35

Health: -14/71     AC:  6    Str: 14    XL:     9   Next: 57%
Magic:  18/24      EV: 12    Int: 19    God:    Gozag
Gold:   725        SH:  5    Dex: 12    Spells: 27/31 levels left

rFire   x . .      SeeInvis .   r - +1 rapier (drain)
rCold   + + .      Faith    .   (no shield)
rNeg    + + +      Spirit   .   a - +0 robe
rPois   ∞          Reflect  +   q - +0 helmet "Reza" {Contam rC+ Str+3}
rElec   .          Harm     .   (no cloak)
rCorr   .          Rampage  .   n - +1 pair of gloves
Will    +....                   m - +0 pair of boots
Stlth   ++........              b - amulet of reflection
HPRegen 0.21/turn               w - ring of flight
MPRegen 0.19/turn               (no ring)

@: flying, slowed, very slow
A: cold resistance 1, negative energy resistance 3, torment resistance 2, heat
vulnerability 1, in touch with death 1, no potions
a: Renounce Religion, Potion Petition, Call Merchant, Bribe Branch


You were on level 9 of the Dungeon.
You worshipped Gozag.
Gozag was pleased with you.
You visited 2 branches of the dungeon, and saw 11 of its levels.

You collected 884 gold pieces.
You spent 50 gold pieces at shops.
You paid 109 gold pieces to Gozag.

Inventory:

Hand Weapons
 c - a +0 dagger
 e - a +0 scimitar
 r - a +1 rapier of draining (weapon)
Missiles
 x - 4 throwing nets
Armour
 a - a +0 robe (worn)
 j - a +0 helmet
 m - a +0 pair of boots (worn)
 n - a +1 pair of gloves (worn)
 q - the +0 helmet "Reza" (worn) {Contam rC+ Str+3}
   (You found it on level 4 of the Dungeon)

   Str:       It affects your strength (+3).
   rC:        It protects you from cold.
   Contam:    It causes magical contamination when unequipped.
Jewellery
 b - an amulet of reflection (around neck)
 o - a ring of ice
 w - a ring of flight (left hand)
 y - an amulet of the acrobat
Wands
 s - a wand of roots (21)
 z - a wand of quicksilver (12)
 A - a wand of flame (14)
Scrolls
 d - a scroll of magic mapping {unknown}
 f - 3 scrolls of silence {unknown}
 g - a scroll of blinking {unknown}
 h - 11 scrolls of identify
 i - a scroll of brand weapon {unknown}
 k - 2 scrolls of vulnerability {unknown}
 l - 6 scrolls of teleportation
 p - 3 scrolls of summoning {unknown}
 t - a scroll of amnesia {unknown}
 u - 2 scrolls of poison {unknown}
 v - 2 scrolls of noise {unknown}


   Skills:
 + Level 6.4 Fighting
 - Level 1.5 Dodging
 - Level 1.5 Stealth
 * Level 11.7 Spellcasting
 + Level 7.9 Necromancy


You had 27 spell levels left.
You knew the following spells:

 Your Spells              Type           Power      Damage    Failure   Level
a - Necrotise             Necr           100%       1d9       1%          1
b - Vampiric Draining     Necr           58%        2d10      1%          3

Your spell library contained the following spells:

 Spells                   Type           Power      Damage    Failure   Level
 Agony                    Necr           58%        N/A       7%          5
 Blink                    Tloc           22%        N/A       10%         2
 Call Canine Familiar     Summ           11%        N/A       19%         3
 Lesser Beckoning         Tloc           11%        N/A       19%         3
 Portal Projectile        Hex/Tloc       22%        N/A       19%         3
 Leda's Liquefaction      Hex/Erth       5%         N/A       52%         4
 Manifold Assault         Tloc           11%        N/A       86%         5
 Animate Dead             Necr           Unusable   N/A       N/A         4

Dungeon Overview and Level Annotations

Branches:
Dungeon (10/15)            Temple (1/1) D:5
   Lair: D:8-11         Orc: D:9-12

Altars:
Dithmenos
Gozag
Makhleb
Qazlal
Ru
Wu Jian
Yredelemnul

Shops:
D:4 ?[

Annotations:
D:8 Psyche
D:9 exclusion: upstairs


Innate Abilities, Weirdness & Mutations

You are immune to poison.
Your flesh is cold resistant. (rC+)
You are immune to negative energy. (rN+++)
You are immune to unholy pain and torment.
You are vulnerable to heat. (rF-)
You are in touch with the powers of death.
You do not drink.


Message History

Aim: a bullfrog (severely wounded)
You feel a surge of power!
You draw life force from the bullfrog!!
You kill the bullfrog!
You feel life coursing into your body. The wraith hits you.
The wraith drains your vigour!
You feel as though you will be slow longer.
The wraith barely misses you. The wraith attacks as you move away!
The wraith closely misses you.
You see here 4 gold pieces.
The wraith barely misses you.
You reach down and open the door.
The wraith barely misses you. The wraith attacks as you move away!
You block the wraith's attack. Something hits you.
Deactivating autopickup; reactivate with Ctrl-A.
The wraith hits you. The wraith drains your vigour!
You feel as though you will be slow longer.
There is an open door here.
The wraith attacks as you move away! The wraith closely misses you.
There is a stone staircase leading down here.
The wraith hits you. The wraith hits you!
You fly downwards.
Reactivating autopickup.
The orc shouts!
You hear a shout! x2
The yak gores you. x2; You block the yak's attack.
The yak barely misses you.
You hear a shout!
There is a stone staircase leading up here.
Unknown command.
The yak gores you.
* * * LOW HITPOINT WARNING * * *
The yak barely misses you. The wraith hits you!
* * * LOW HITPOINT WARNING * * *
The yak barely misses you. You block the yak's attack.
The orc closely misses you.
You fly upwards.
Level annotation: exclusion: upstairs The centaur warrior shouts!
The centaur warrior wields a +0 shortbow.
The centaur warrior shoots an arrow.
The arrow hits you!!
You die...
Your body crumbles into a pile of gold.

+.....#.c#. ...
#.... #.c.#.#....#.#
#.... #...#..####..#
+.... #..#........#
# #....
#.####..####.# ##'##
#!...........# #.#
##..$<#.....## #.##
##'####.##### #..#
#.Y@.<..# ###.#
#.Y.W...#### #....
+.......'..# #....
#.......##.#####....
#.......##.....<....
#.......########....
####[.### ###.#
##.... #.# #..♣P..
##.#


You could see a centaur warrior, 2 yaks and a wraith.

Vanquished Creatures
  A wyvern (D:10)
  A yak (D:9)
  A steam dragon (D:8)
  2 orc warriors
  2 ice beasts
  A sky beast (D:7)
  An ogre (D:4)
  3 centaurs
  2 kobold brigands
  A bullfrog (D:9)
  2 necrophages
  2 gnoll sergeants (D:8)
  2 scorpions
  2 wights
  6 killer bees
  2 howler monkeys
  3 jellies
  An orc priest (D:5)
  5 hounds
  2 gnoll boudas
  4 orc wizards
  21 gnolls
  5 adders
  An ufetubus (D:6)
  A worm (D:2)
  4 dart slugs
  19 orcs
  12 endoplasms
  3 giant cockroaches (D:1)
  2 goblins (D:2)
  2 hobgoblins
  7 quokkas
  7 ball pythons
  7 bats
  A frilled lizard (D:1)
  13 kobolds
  A rat (D:1)
152 creatures vanquished.

Vanquished Creatures (collateral kills)
  2 hobgoblins
  A frilled lizard (D:1)
3 creatures vanquished.

Vanquished Creatures (others)
  A gnoll (D:8)
1 creature vanquished.

Grand Total: 156 creatures vanquished

Notes
Turn   | Place    | Note
-------+----------+-------------------------------------------
     0 | D:1      | 112233 the Mummy Necromancer began the quest for the Orb.
     0 | D:1      | Reached XP level 1. HP: 13/13 MP: 4/4
   104 | D:1      | Reached skill level 3 in Spellcasting
   220 | D:1      | Reached XP level 2. HP: 19/19 MP: 4/6
   451 | D:1      | Found a faded altar of an unknown god.
   951 | D:2      | Gained mutation: You are in touch with the powers of death.
                  | [Mummy growth]
   951 | D:2      | Reached XP level 3. HP: 24/24 MP: 4/8
   955 | D:2      | Learned a level 3 spell: Vampiric Draining
  1047 | D:2      | Reached skill level 4 in Spellcasting
  1927 | D:3      | Reached skill level 1 in Fighting
  2158 | D:3      | Reached XP level 4. HP: 32/32 MP: 6/10
  2742 | D:4      | Reached skill level 5 in Spellcasting
  2859 | D:4      | Identified the +0 helmet "Reza" {Contam rC+ Str+3}
  3020 | D:4      | Found Jorymmux's Armour Shoppe.
  3021 | D:4      | Found Lauwnipn's Magic Scroll Shoppe.
  3025 | D:4      | Noticed an ogre
  3048 | D:4      | Killed an ogre
  3049 | D:4      | Reached XP level 5. HP: 38/38 MP: 8/13
  3105 | D:4      | Bought a scroll of identify for 20 gold pieces
  3105 | D:4      | Bought a scroll of teleportation for 30 gold pieces
  3140 | D:4      | Reached skill level 6 in Spellcasting
  3140 | D:4      | Reached skill level 5 in Necromancy
  3140 | D:4      | Reached XP level 6. HP: 27/46 MP: 15/15
  3950 | D:5      | Entered Level 5 of the Dungeon
  4318 | D:5      | Noticed an ice beast
  4328 | D:5      | Killed an ice beast
  4329 | D:5      | Reached skill level 7 in Spellcasting
  4329 | D:5      | Reached XP level 7. HP: 52/52 MP: 2/17
  4821 | D:5      | Reached skill level 8 in Spellcasting
  5083 | D:5      | Reached XP level 8. HP: 60/60 MP: 20/20
  5153 | D:5      | Found a staircase to the Ecumenical Temple.
  5178 | Temple   | Entered the Ecumenical Temple
  5210 | Temple   | Became a worshipper of Gozag Ym Sagoz the Greedy
  5888 | D:5      | Reached skill level 9 in Spellcasting
  6532 | D:7      | Reached skill level 5 in Fighting
  6705 | D:7      | Found a shadowy altar of Dithmenos.
  6826 | D:7      | Reached skill level 10 in Spellcasting
  7365 | D:7      | Reached XP level 9. HP: 60/68 MP: 11/23
  8160 | D:8      | Reached skill level 11 in Spellcasting
  8586 | D:10     | Entered Level 10 of the Dungeon
  8747 | D:8      | Noticed Psyche
  8759 | D:9      | Noticed a centaur warrior
  8780 | D:9      | Shot with an arrow by a centaur warrior

Illustrated notes

Levels and vault maps discovered:
D:1:      dpeg_arrival_shrine, layout_rooms, ebering_ecumenical_altar_box,
          minmay_cut_off
D:2:      layout_loops_ring
D:3:      layout_basic
D:4:      layout_basic, st_stairs_13, minivault_11,
          chequers_hall_statues_corner_a, abandoned_shop,
          nicolae_wooded_promenade, chequers_avenue
D:5:      layout_rooms, temple_fountains
D:6:      layout_loops_cross
D:7:      layout_basic, serial_aquarium, aquarium_bridge_square
          [aquarium_subvault_bridge, aquarium_subvault_wall,
          aquarium_subvault_bridge, aquarium_subvault_balcony],
          aquarium_window_corridor_3, aquarium_window_corner, aquarium_view_2d,
          aquarium_view_2e, aquarium_pool_five, mrwooster_statue_mirror,
          minmay_ruined_shrine
D:8:      layout_cave_pods, uniq_psyche, uniq_joseph, uniq_gastronok, uniq_erica
D:9:      layout_roguey, serial_park_tiny_1, minivault_20
D:10:     layout_irregular_city, minitemple, orc_0_dummy
Temple:   nicolae_temple_superstar

Skill      XL: |  1  2  3  4  5  6  7  8  9 |
---------------+----------------------------+-----
Spellcasting   | 3 4 5 6 7 8 10 11 | 11.7
Fighting       | 1 2 3 4 5 6 |  6.4
Necromancy     | 5 6 7 |  7.9
Dodging        | |  1.5
Stealth        | |  1.5

Action                   |  1- 3 |  4- 6 |  7- 9 || total
-------------------------+-------+-------+-------++-------
Melee: Scimitar          |     3 |       |       ||     3
       Rapier            |       |    31 |   166 ||   197
       Punch             |       |       |     2 ||     2
 Cast: Necrotise         |    78 |    50 |    38 ||   166
       Vampiric Draining |       |    13 |    95 ||   108
Evoke: Wand              |       |       |     2 ||     2
 Stab: Sleeping          |       |       |     1 ||     1
Armor: Robe              |     2 |    12 |    58 ||    72
Dodge: Dodged            |     7 |    40 |   142 ||   189
Block: Other             |       |    12 |    73 ||    85
       Reflection        |       |     1 |       ||     1
